 Dungeon Sprint DCSS version 0.32-a0-918-g0f22ef8d61 (webtiles) character file.

Game seed: 18242215422720616234

940 Revguard the Inexorable Tide (level 7, -13/61 HPs)
             Began as a Demonspawn Gladiator on Apr 11, 2024.
             Was a High Priest of Yredelemnul.
             Killed by the air
             ... invoked by a wind drake
              (19 damage)
             ... in the Dungeon (Sprint V: "Ziggurat Sprint").
             The game lasted 00:04:36 (272 turns).

Revguard the Inexorable Tide (Demonspawn Gladiator)  Turns: 272, Time: 00:04:37

Health: -13/61     AC: 34    Str: 28    XL:     7   Next: 88%
Magic:  13/13      EV:  3    Int:  9    God:    Yredelemnul [*****.]
Gold:   0          SH: 31    Dex: 14    Spells: 6/6 levels left

rFire   . . .        E - +16 obsidian axe {drain, demonic, Mesm ^Drain Fly SInv}
rCold   . . .        F - +18 shield of the Gong {Loud rN+ Will+ rCorr EV-5}
rNeg    + . .        D - +15 Maxwell's patent armour {-Cast -Tele rElec Will+ rCorr}
rPois   .            c - +0 helmet
rElec   +            (no cloak)
rCorr   +            H - +3 pair of gauntlets of War {Slay+5}
SInv    +            (no boots)
Will    ++...        (no amulet) Stlth
                     B - +6 ring of strength
HPRegen 0.30/turn    C - +6 ring of strength
MPRegen 0.13/turn

%: no teleportation, no spellcasting
@: flying, mesmerised, wreathed by umbra
A: hooves 2, rugged brown scales 1, condensation shield
a: Renounce Religion, Light the Black Torch, Recall Undead Harvest, Hurl
Torchlight, Bind Soul, Fathomless Shackles


You were in the Dungeon.
You worshipped Yredelemnul.
Yredelemnul was aware of your devotion.
You visited 1 branch

Inventory:

Hand Weapons
 a - a +0 war axe
 E - the +16 obsidian axe (weapon) {drain, demonic, Mesm ^Drain Fly SInv}
   (You found it in the Dungeon)

   Mesm:      Its wielder is mesmerised by any visible foes, and it cannot be
   unequipped while any foes are visible.
   SInv:      It lets you see invisible.
   Fly:       It grants you flight.
   ^Drain:    It drains your maximum health when unequipped.
Missiles
 d - 3 throwing nets (quivered)
 e - a javelin
Armour
 b - a +0 leather armour
 c - a +0 helmet (worn)
 D - the +15 Maxwell's patent armour (worn) {-Cast -Tele rElec Will+ rCorr}
   (You found it in the Dungeon)

   rElec:     It insulates you from electricity.
   Will+:     It increases your willpower.
   -Cast:     It prevents spellcasting.
   -Tele:     It prevents most forms of teleportation.
   rCorr:     It protects you from acid and corrosion.
 F - the +18 shield of the Gong (worn) {Loud rN+ Will+ rCorr EV-5}
   (You found it in the Dungeon)

   Loud:      It is deafeningly noisy when blocking attacks.
   EV-5:      It affects your evasion (-5).
   rN+:       It protects you from negative energy.
   Will+:     It increases your willpower.
   rCorr:     It protects you from acid and corrosion.
 H - the +3 pair of gauntlets of War (worn) {Slay+5}
   (You found it in the Dungeon)

   Slay+5:    It affects your accuracy & damage with ranged weapons and melee
   (+5).
Jewellery
 w - a ring of flight
 x - a +6 ring of dexterity
 y - a +6 ring of dexterity
 z - a +6 ring of intelligence
 A - a +6 ring of intelligence
 B - a +6 ring of strength (left hand)
 C - a +6 ring of strength (right hand)
 G - a +6 ring of dexterity
Wands
 u - a wand of mindburst (7)
 v - a wand of acid (7)
 J - a wand of roots (3)
Scrolls
 k - 4 scrolls of blinking
 q - 4 scrolls of amnesia
 r - 7 scrolls of fog
 s - 5 scrolls of identify
 t - 2 scrolls of fear
Potions
 f - 10 potions of curing
 g - 10 potions of heal wounds
 h - 6 potions of haste
 i - 7 potions of magic
 j - 3 potions of berserk rage
 l - 2 potions of brilliance
 m - 2 potions of invisibility
 n - 4 potions of resistance
 p - 5 potions of might
Miscellaneous
 o - a tin of tremorstones (1/2)
 I - a lightning rod (4/4)


   Skills:
 + Level 7.0 Fighting
 + Level 6.8 Axes
 - Level 1.7 Throwing
 + Level 5.8 Armour
 + Level 6.6 Dodging
 + Level 5.8 Shields
 + Level 8.4 Invocations
 + Level 6.4 Evocations


You had 6 spell levels left.
You didn't know any spells.
Your spell library contained the following spells:

 Spells                   Type           Power      Damage    Failure   Level
 Call Imp                 Summ           0%         N/A       100%        2
 Searing Ray              Conj           0%         2d4       100%        2
 Sublimation of Blood     Necr           0%         N/A       100%        2
 Call Canine Familiar     Summ           0%         N/A       100%        3
 Sigil of Binding         Hex            0%         N/A       100%        3
 Volatile Blastmotes      Fire/Tloc      0%         2d10      100%        3
 Dimensional Bullseye     Hex/Tloc       0%         N/A       100%        4
 Petrify                  Alch/Erth      0%         N/A       100%        4
 Irradiate                Conj/Alch      0%         3d11      100%        5
 Conjure Ball Lightning   Conj/Air       0%         3x3d6     100%        6
 Haunt                    Necr/Summ      0%         N/A       100%        7
 Spellforged Servitor     Conj/Summ      0%         N/A       100%        7
 Summon Hydra             Summ           0%         N/A       100%        7
 Discord                  Hex            0%         N/A       100%        8
 Disjunction              Tloc           0%         N/A       100%        8
 Infestation              Necr           0%         N/A       100%        8
 Lehudib's Crystal Spear  Conj/Erth      0%         10d2      100%        8
 Animate Dead             Necr           Unusable   N/A       N/A         4

Dungeon Overview and Level Annotations

Branches:
Dungeon (1/1)

Altars:
Ashenzari
Cheibriados
Dithmenos
Fedhas
Gozag
Hepliaklqana
Kikubaaqudgha
Makhleb
Nemelex Xobeh
Okawaru
Qazlal
Ru
Sif Muna
Trog
Uskayaw
Vehumet
Wu Jian
Xom
Yredelemnul
Beogh
Jiyva
Lugonu

Annotations:
D 1 transporter


Innate Abilities, Weirdness & Mutations

You have hoof-like feet.
You are partially covered in rugged brown scales. (AC +1, +3% HP)
A meltable shield of frost defends you. (SH +4)


Message History

The grasping roots constrict the merfolk! x2
The wind drake flaps its wings at you. The air twists around and strikes you!
You block the merfolk's attack.
PTOANNNG!
The wind drake flaps its wings at you. The air twists around and strikes you!
* * * LOW HITPOINT WARNING * * *
Your spectral iron imp hits the wind drake.
You block the merfolk's attack.
GONNNNG!
You block the merfolk's attack.
GONNNNG!
Your orc priest zombie hits the wind drake.
The merfolk hits you but does no damage.
The tremorstone explodes into fragments!
The burst of rock shards engulfs the merfolk!!
You kill the merfolk!
Their soul becomes fuel for the torch.
The burst of rock shards engulfs the merfolk!
You kill the merfolk!
Their soul becomes fuel for the torch.
The burst of rock shards engulfs the merfolk! x2
The burst of rock shards engulfs your spectral white imp!
You destroy your spectral white imp!
The burst of rock shards engulfs the merfolk! x2
You kill the merfolk!
Their soul becomes fuel for the torch.
The burst of rock shards engulfs the merfolk!
You break out of your daze!
You kill the merfolk!
Their soul becomes fuel for the torch.
You can now engulf your surroundings in Yredelemnul's grip.
The dead are walking! x3
Visions of slaying the wind drake flood into your mind.
The wind drake bites your spectral iron imp.
Your spectral iron imp is destroyed!
The wind drake flaps its wings at you. The air twists around and strikes you!!
You die...
Your body rises from the dead as a mindless zombie.

▓...©....▓...©....▓
▓▓▓▓▓▓▓▓▓▓▓▓▓▓▓▓▓▓▓
▓..ß©ß..▓ ▓..)))..▓
▓..)/:..▓ ▓.Z.....▓
▓))Z....▓ ▓Z..k...▓
▓.@.kZ..▓ ▓.▓...▓.▓
▓...©...▓ ▓▓▓▓▓▓▓▓▓


You could see 2 wind drakes, a friendly orc priest zombie and 3 friendly merfolk
zombies.

Vanquished Creatures
  A wretched star (D)
  4 merfolk (D)
  2 bullfrogs (D)
  A quasit (D)
  3 orc priests (D)
  2 jellies (D)
  An iron imp (D)
  An iguana (D)
  2 adders (D)
  A white imp (D)
  An ufetubus (D)
  A spectral white imp (D)
  2 ball pythons (D)
22 creatures vanquished.

Vanquished Creatures (collateral kills)
  An orc (D)
1 creature vanquished.

Vanquished Creatures (others)
  A bullfrog zombie (D)
  2 adder zombies (D)
  2 jelly zombies (D)
  An orc zombie (D)
  A spectral iron imp (D)
7 creatures vanquished.

Grand Total: 30 creatures vanquished

Notes
Turn   | Place    | Note
-------+----------+-------------------------------------------
     0 | D        | Revguard the Demonspawn Gladiator began the quest for the
                  | Orb.
     0 | D        | Reached XP level 1. HP: 16/16 MP: 1/1
     0 | D        | Found a shimmering blue altar of Sif Muna.
     0 | D        | Found a bloodstained altar of Trog.
     0 | D        | Found a sacrificial altar of Ru.
     0 | D        | Found a stormy altar of Qazlal.
     0 | D        | Found an iron altar of Okawaru.
     1 | D        | Found a sparkling altar of Nemelex Xobeh.
     1 | D        | Found a blossoming altar of Fedhas.
     1 | D        | Found the +6 Majin-Bo {spellvamp, MP+6 Int+6}
     1 | D        | Found the +27 heavy crossbow "Sniper" {heavy, Acc+∞ SInv}
     1 | D        | Found the +10 dark maul {heavy}
     1 | D        | Found the +15 Maxwell's patent armour {-Cast -Tele rElec
                  | Will+ rCorr}
     1 | D        | Found the +18 shield of the Gong {Loud rN+ Will+ rCorr
                  | EV-5}
     1 | D        | Found the +16 obsidian axe {drain, demonic, Mesm ^Drain Fly
                  | SInv}
     1 | D        | Found the +7 great mace "Firestarter" {flame, immolate,
                  | rFlCloud rF++}
     1 | D        | Found the +6 shillelagh "Devastator" {shatter}
     1 | D        | Found the +11 plutonium sword {^Contam Stlth-}
     1 | D        | Found the +8 lance "Wyrmbane" {slay drac, rPois rF+ rC+
                  | AC+3}
     1 | D        | Found the +9 sword of Zonguldrok {reap}
     1 | D        | Found the +13 scythe of Curses {drain, curses, ^Drain}
     1 | D        | Found the +9 sword of Power {lifebolt}
     1 | D        | Found the +7 mace of Variability {chaos, chaos arc}
     1 | D        | Found the +11 Singing Sword {sonic wave}
     1 | D        | Found the +8 storm bow {elec, penet}
     3 | D        | Found a transporter.
     3 | D        | Found an ancient bone altar of Kikubaaqudgha.
     3 | D        | Found a viscous altar of Jiyva.
     3 | D        | Found a corrupted altar of Lugonu.
     3 | D        | Found a hazy altar of Hepliaklqana.
     3 | D        | Found a burning altar of Makhleb.
     3 | D        | Found an opulent altar of Gozag.
    47 | D        | Became a worshipper of Yredelemnul the Fallen
    63 | D        | Reached skill level 3 in Invocations
    63 | D        | Gained mutation: A meltable shield of frost defends you.
                  | (SH +4) [demonic ancestry]
    63 | D        | Reached XP level 2. HP: 24/24 MP: 1/4
    65 | D        | Entered arena 2.
    65 | D        | Found a transporter.
    68 | D        | Gained mutation: You have large cloven feet. [demonic
                  | ancestry]
    68 | D        | Reached XP level 3. HP: 30/30 MP: 1/5
    70 | D        | Reached skill level 4 in Invocations
    70 | D        | Reached XP level 4. HP: 37/37 MP: 1/7
    75 | D        | Entered arena 3.
    75 | D        | Noticed a bullfrog
    75 | D        | Noticed a bullfrog
    75 | D        | Found a transporter.
    78 | D        | Killed a bullfrog
    79 | D        | Reached skill level 5 in Invocations
    80 | D        | Killed a bullfrog
    80 | D        | Reached * piety under Yredelemnul
    81 | D        | Reached skill level 5 in Fighting
    81 | D        | Reached skill level 5 in Axes
    81 | D        | Reached XP level 5. HP: 44/44 MP: 3/9
    82 | D        | Reached skill level 5 in Dodging
    90 | D        | Entered arena 4.
    90 | D        | Found the +3 pair of gauntlets of War {Slay+5}
    90 | D        | Found a transporter.
    93 | D        | Reached ** piety under Yredelemnul
    94 | D        | Reached skill level 6 in Invocations
    95 | D        | Gained mutation: You have hoof-like feet. [demonic
                  | ancestry]
    95 | D        | Reached XP level 6. HP: 24/51 MP: 4/10
   188 | D        | Entered arena 5.
   188 | D        | Found a transporter.
   191 | D        | Reached *** piety under Yredelemnul
   192 | D        | Reached skill level 5 in Evocations
   203 | D        | Entered arena 6.
   203 | D        | Noticed a wretched star
   203 | D        | Found a transporter.
   209 | D        | Reached **** piety under Yredelemnul
   213 | D        | Killed a wretched star
   214 | D        | Reached skill level 5 in Armour
   214 | D        | Reached skill level 5 in Shields
   214 | D        | Reached skill level 8 in Invocations
   214 | D        | Gained mutation: You are partially covered in rugged brown
                  | scales. (AC +1, +3% HP) [demonic ancestry]
   214 | D        | Reached XP level 7. HP: 45/61 MP: 10/13
   222 | D        | Got the Octavo of Ignition and Battling
   264 | D        | Entered arena 7.
   264 | D        | Noticed a merfolk
   264 | D        | Noticed a wind drake
   264 | D        | Noticed a wind drake
   264 | D        | Noticed a merfolk
   264 | D        | Noticed a merfolk
   264 | D        | Noticed a merfolk
   265 | D        | Found a transporter.
   272 | D        | Killed a merfolk
   272 | D        | Killed a merfolk
   272 | D        | Killed a merfolk
   272 | D        | Killed a merfolk
   272 | D        | Reached ***** piety under Yredelemnul
   272 | D        | Killed from afar by a wind drake

Illustrated notes

Levels and vault maps discovered:
D:        sprint_v [room_start, room_1, room_2, room_3, room_4, room_5, room_6,
          room_7, room_8, room_9, room_10, room_11, room_12, room_13, room_14,
          room_15, room_16, room_17, room_18, room_19, room_20, room_21,
          room_22, room_23, room_24, room_25, room_26, room_27]

Skill      XL: |  1  2  3  4  5  6 |
---------------+-------------------+-----
Fighting       | 3 4 5 7 |  7.0
Axes           | 3 4 5 6 |  6.8
Armour         | 2 3 4 5 |  5.8
Dodging        | 3 4 5 6 |  6.6
Shields        | 2 3 4 5 |  5.8
Invocations    | 3 4 5 6 8 |  8.4
Evocations     | 2 3 4 6 |  6.4
Throwing       | |  1.7

Action                     |  1- 3 |  4- 6 |  7- 9 || total
---------------------------+-------+-------+-------++-------
  Melee: Broad axe         |     2 |    16 |     3 ||    21
         Kick              |       |     4 |       ||     4
 Invoke: Light the Black T |     1 |       |       ||     1
  Evoke: Wand              |       |       |     1 ||     1
         Tin of tremorston |       |       |     1 ||     1
    Use: Potion            |     1 |       |       ||     1
 Armour: Plate armour      |       |     9 |    10 ||    19
  Dodge: Dodged            |       |     1 |       ||     1
  Block: Kite shield       |     5 |    24 |    16 ||    45

Table legend: (Time is in decaauts)
 A = Elapsed time spent in this place.
 B = Non-inter-level travel time spent in this place.
 C = Inter-level travel time spent in this place.
 D = Time resting spent in this place.
 E = Time spent auto-exploring this place.
 F = Levels seen in this place.
 G = Mean time per level.
                   A        B        C        D        E       F      G
               +--------+--------+--------+--------+--------+-----+--------+
         Total |    280 |    280 |      0 |    120 |      0 |   1 |  280.0 |
       Dungeon |    280 |    280 |      0 |    120 |      0 |   1 |  280.0 |
               +--------+--------+--------+--------+--------+-----+--------+

Top non-repeatable levels by time:
       D: 280 daAuts
